 Dungeon Crawl Stone Soup version 0.30-a0-367-g839099abd5 (webtiles) character file.

Game seed: 14048433901804353778

5873 Engwar the Protected (level 10, -11/92 HPs)
             Began as an Armataur Berserker on Nov 18, 2022.
             Was an Elder of Trog.
             Mangled by an orc warrior
             ... wielding the +3 flail of the Evening {freeze, *Rage Int+6}
              (13 damage)
             ... in a bailey.
             The game lasted 00:15:11 (7438 turns).

Engwar the Protected (Armataur Berserker)           Turns: 7438, Time: 00:15:12

Health: -11/92     AC: 16    Str: 27    XL:     10   Next: 52%
Magic:  10/10      EV: 12    Int:  7    God:    Trog [****..]
Gold:   461        SH:  0    Dex: 10    Spells: 9/9 levels left

rFire   . . .      SeeInvis .    m - +0 whip (elec)
rCold   . . .      Faith    .    (no shield)
rNeg    . . .      Spirit   .    o - +3 chain mail {rPois}
rPois   +          Reflect  .    a - +2 hat
rElec   .          Harm     .    v - +0 cloak
rCorr   +          Roll     +    (no gloves)
Will    .....                    (no barding)
Stlth   ..........               (no amulet)
HPRegen 0.35/turn                c - ring of resist corrosion
MPRegen 0.12/turn                e - +4 ring of evasion

@: no status effects
A: large, rugged brown scales 3, deformed body, armoured tail, roll, long
tongue, awkward tongue
a: Renounce Religion, Berserk, Trog's Hand, Brothers in Arms


You were in a bailey.
You worshipped Trog.
Trog was greatly pleased with you.
You visited 1 branch of the dungeon, and saw 8 of its levels.
You also visited: Bailey.

You collected 461 gold pieces.

Inventory:

Hand Weapons
 m - a +0 whip of electrocution (weapon)
Missiles
 p - 4 boomerangs of dispersal (quivered)
Armour
 a - a +2 hat (worn)
 o - a +3 chain mail of poison resistance (worn)
 v - a +0 cloak (worn)
 y - the +4 chain mail of Repulsion {Will++ Dex+3}
   (You took it off a goblin in a bailey)

   Dex:       It affects your dexterity (+3).
   Will:      It greatly increases your willpower.
Jewellery
 c - a ring of resist corrosion (left hand)
 e - a +4 ring of evasion (right hand)
 i - a ring of poison resistance
Wands
 n - a wand of flame (54)
 q - a wand of roots (6)
 t - a wand of acid (11)
Scrolls
 b - a scroll of summoning
 r - 2 scrolls of teleportation
 s - a scroll of silence
 w - a scroll of butterflies
 x - a scroll of acquirement
Potions
 d - 5 potions of curing
 f - 4 potions of heal wounds
 g - 3 potions of lignification
 h - 5 potions of might
 j - 3 potions of berserk rage
 k - a potion of cancellation
 l - 2 potions of ambrosia
 u - a potion of attraction


   Skills:
 + Level 7.3 Fighting
 * Level 9.2 Maces & Flails
 + Level 9.2 Armour
 + Level 5.8 Dodging


You had 9 spell levels left.
You didn't know any spells.
Your spell library was empty.

Dungeon Overview and Level Annotations

Branches:
Dungeon (8/15)             Temple (0/1) D:5          Bailey (1/1)
   Lair: D:8-11

Altars:
Ashenzari
Kikubaaqudgha
Okawaru
Ru

Shops:
D:4 [   D:6 [

Portals:
Abyss: D:5

Annotations:
D:5 2 transporters, flinch's ghost, novice OpHs


Innate Abilities, Weirdness & Mutations

You are completely covered in rugged brown scales. (AC +3, +7% HP)
Armour fits poorly on your strangely shaped body.
You have a long armoured tail.
You roll when moving toward enemies. (Rampage)
Your long tongue fully drains potion bottles. (2x potion effects)
Your tongue gives you trouble enunciating. (1.5x scroll delay)


Message History

The orc warrior freezes you.
You hit the orc warrior but do no damage.
You barely miss the orc warrior.
You tail-slap the orc warrior, but do no damage.
The orc warrior hits you but does no damage.
You hit the orc warrior.
The orc warrior is lightly wounded.
You closely miss the orc warrior.
Your tail-slap misses the orc warrior.
The orc warrior is lightly wounded.
The orc warrior hits you with the +3 flail of the Evening {freeze, *Rage Int+6}!
The orc warrior freezes you.
You completely miss the orc warrior.
The orc warrior is lightly wounded.
The orc warrior goes berserk!
The orc warrior hits you with the +3 flail of the Evening {freeze, *Rage Int+6}!
The orc warrior freezes you.
You hit the orc warrior but do no damage.
The orc warrior is lightly wounded.
The orc warrior hits you with the +3 flail of the Evening {freeze, *Rage Int+6}!
The orc warrior freezes you.
You barely miss the orc warrior.
The orc warrior is lightly wounded.
The orc warrior hits you with the +3 flail of the Evening {freeze, *Rage Int+6}!
The orc warrior freezes you!
* * * LOW HITPOINT WARNING * * *
You closely miss the orc warrior.
Your tail-slap misses the orc warrior.
The orc warrior is lightly wounded.
The orc warrior closely misses you.
You barely miss the orc warrior.
The orc warrior is lightly wounded.
The orc warrior barely misses you.
You hit the orc warrior but do no damage.
You tail-slap the orc warrior.
The orc warrior is lightly wounded.
You hit the orc warrior but do no damage.
The orc warrior is lightly wounded.
The orc warrior hits you with the +3 flail of the Evening {freeze, *Rage Int+6}!!
* * * LOW HITPOINT WARNING * * *
The orc warrior freezes you!
You die...

#≈≈≈≈≈#.##############..
#≈≈≈≈≈~.#..'.#..'....#..
#≈≈≈≈≈~.#..#.#..#....#..
#≈≈≈≈≈~.#..#.'..#....###
#≈≈≈≈≈~.#########....##.
#≈≈≈≈≈~.#..8.8..#))..##.
#≈≈≈≈≈~∩.....)..'._..##.
#≈≈≈≈≈~.#..8.8..#....##.
#≈≈≈≈≈~@#########....##.
#≈≈≈≈≈~o#..#.'..#....###
#≈≈≈≈≈~.#[[#.#))#....#
#≈≈≈≈≈~.#[['.#))'....#
#≈≈≈≈≈#.##############
#≈≈≈≈≈#.. #≈≈≈≈≈#..
#≈≈≈≈≈#'#


You could see an orc warrior (berserk).

Vanquished Creatures
  An orc high priest (Bailey)
  Pikel (D:4)
  A deep elf pyromancer (D:6)
  An orc sorcerer (Bailey)
  A steam dragon (D:5)
  4 water moccasins
  7 orc warriors
  5 ice beasts
  A black bear (D:6)
  An ogre (D:5)
  2 centaurs (D:7)
  2 phantoms
  6 bullfrogs
  2 necrophages (D:5)
  6 scorpions
  6 wights
  3 electric eels (Bailey)
  A howler monkey (D:6)
  3 orc priests
  A hound (D:6)
  Terence (D:2)
  2 iguanas
  6 orc wizards
  2 gnolls (Bailey)
  5 adders
  A shadow imp (D:6)
  3 white imps
  An ufetubus (D:5)
  2 worms
  4 dart slugs
  25 orcs
  5 ball pythons
  11 endoplasms
  2 giant cockroaches
  5 goblins
  8 hobgoblins
  8 jackals
  4 kobolds
  7 quokkas
  6 bats
  5 frilled lizards
  6 rats
174 creatures vanquished.

Vanquished Creatures (others)
  An orc priest (D:7)
1 creature vanquished.

Grand Total: 175 creatures vanquished

Notes
Turn   | Place    | Note
-------+----------+-------------------------------------------
     0 | D:1      | Engwar the Armataur Berserker began the quest for the Orb.
     0 | D:1      | Reached XP level 1. HP: 19/19 MP: 1/1
   273 | D:1      | Reached XP level 2. HP: 26/26 MP: 2/2
   878 | D:2      | Identified the +6 long sword "Ogack" {vorpal, *Corrode
                  | rElec rPois rC+++ Int-4}
   897 | D:2      | Reached XP level 3. HP: 28/33 MP: 3/3
  1089 | D:2      | Reached ** piety under Trog
  1144 | D:2      | You fall into a shaft and drop 1 floor!
  1242 | D:2      | Noticed Terence
  1282 | D:2      | Killed Terence
  1283 | D:2      | Reached XP level 4. HP: 14/40 MP: 4/4
  1579 | D:2      | Noticed a phantom
  1595 | D:2      | Killed a phantom
  1596 | D:2      | Reached XP level 5. HP: 39/48 MP: 5/5
  2577 | D:4      | Found Ycroed's Antique Armour Boutique.
  2776 | D:4      | Reached *** piety under Trog
  3062 | D:4      | Reached XP level 6. HP: 46/55 MP: 6/6
  3189 | D:4      | Noticed Pikel
  3208 | D:4      | Killed Pikel
  3209 | D:4      | Reached skill level 5 in Armour
  3209 | D:4      | Reached XP level 7. HP: 39/64 MP: 7/7
  3534 | D:5      | Entered Level 5 of the Dungeon
  3534 | D:5      | Noticed a steam dragon
  3534 | D:5      | Found a broken altar of Ashenzari.
  3537 | D:5      | Killed a steam dragon
  3538 | D:5      | Reached skill level 5 in Maces & Flails
  3546 | D:5      | Reached XP level 8. HP: 71/71 MP: 8/8
  3606 | D:5      | Reached skill level 5 in Fighting
  3694 | D:5      | Noticed flinch's ghost (novice OpHs)
  3695 | D:5      | Found a one-way gate to the infinite horrors of the Abyss.
  3706 | D:5      | Found a transporter.
  3931 | D:5      | Found a staircase to the Ecumenical Temple.
  3936 | D:5      | Found a sacrificial altar of Ru.
  4119 | D:5      | Found a transporter.
  4706 | D:6      | Noticed a deep elf pyromancer
  4716 | D:6      | Killed a deep elf pyromancer
  4717 | D:6      | Reached XP level 9. HP: 80/80 MP: 9/9
  4822 | D:6      | Found Foweom's Armour Emporium.
  5195 | D:6      | Reached **** piety under Trog
  5578 | D:7      | Found an iron altar of Okawaru.
  5595 | D:7      | Reached skill level 5 in Dodging
  5725 | D:7      | Found an ancient bone altar of Kikubaaqudgha.
  6141 | D:7      | Reached XP level 10. HP: 89/89 MP: 10/10
  6259 | D:8      | Found a flagged portal.
  6398 | Bailey   | Entered a bailey
  6666 | Bailey   | Noticed an orc sorcerer
  6689 | Bailey   | Paralysed by an orc sorcerer for 4 turns
  6695 | Bailey   | Killed an orc sorcerer
  7281 | Bailey   | Found an iron altar of Okawaru.
  7300 | Bailey   | Noticed an orc high priest
  7300 | Bailey   | Identified the +4 chain mail of Repulsion {Will++ Dex+3}
  7309 | Bailey   | Killed an orc high priest
  7422 | Bailey   | Identified the +3 flail of the Evening {freeze, *Rage
                  | Int+6}
  7438 | Bailey   | HP: 2/92 [orc warrior/the +3 flail of the Evening {freeze,
                  | *Rage Int+6} (26)]
  7438 | Bailey   | Mangled by an orc warrior

Illustrated notes

Levels and vault maps discovered:
D:1:      amcnicky_arrival_abandoned_market, layout_basic
D:2:      layout_basic, uniq_terence
D:3:      layout_rooms, grunt_ministairs_13
D:4:      layout_loops_cross, nicolae_inconvenience_store, uniq_pikel
D:5:      layout_rooms, mainiacjoe_overflow_surrounded_room,
          mainiacjoe_overflow_concentric_impassable, temple_statues,
          gammafunk_ghost_abyssal_escape, ebering_dispersal_statue_hall
D:6:      minmay_chambers_of_threes, layout_basic, serial_shops,
          nicolae_square_shop, hangedman_decor_riveting,
          guppyfry_early_elven_hall
D:7:      cheibrodos_helix_gallery, layout_gridville,
          kennysheep_okawaru_gauntlet, nicolae_kikubaaqudgha_miasma_corner,
          lightli_orcish_oven
D:8:      layout_basic, serial_glass, glass_columns_a, glass_columns_c,
          enter_bailey_2, nicolae_zen_rock_garden, uniq_gastronok,
          uniq_prince_ribbit1
Bailey:   bailey_axe_of_yendor_kennysheep, bailey

Skill      XL: |  1  2  3  4  5  6  7  8  9 10 |
---------------+-------------------------------+-----
Fighting       | 3 4 6 7 |  7.3
Maces & Flails | 3 4 5 7 8 9 |  9.2
Armour         | 3 4 5 7 8 9 |  9.2
Dodging        | 2 3 4 5 |  5.8

Action                   |  1- 3 |  4- 6 |  7- 9 | 10-12 || total
-------------------------+-------+-------+-------+-------++-------
Melee: Mace              |    90 |   146 |       |       ||   236
       Tailslap          |     7 |    10 |    48 |    29 ||    94
       Punch             |       |     1 |     6 |     3 ||    10
       Whip              |       |       |   359 |   154 ||   513
Invok: Berserk           |     1 |     1 |     4 |     1 ||     7
  Use: Scroll            |       |    11 |     8 |       ||    19
Armor: Animal skin       |     6 |       |       |       ||     6
       Leather armour    |    28 |       |       |       ||    28
       Scale mail        |       |    24 |       |       ||    24
       Chain mail        |       |    42 |   155 |    35 ||   232
Dodge: Dodged            |    87 |    74 |   172 |    54 ||   387

Table legend: (Time is in decaauts)
 A = Elapsed time spent in this place.
 B = Non-inter-level travel time spent in this place.
 C = Inter-level travel time spent in this place.
 D = Time resting spent in this place.
 E = Time spent auto-exploring this place.
 F = Levels seen in this place.
 G = Mean time per level.
                   A        B        C        D        E       F      G
               +--------+--------+--------+--------+--------+-----+--------+
         Total |   7416 |   7204 |    212 |    989 |   4629 |   9 |  824.0 |
       Dungeon |   6404 |   6192 |    212 |    445 |   4433 |   8 |  800.5 |
        Bailey |   1012 |   1012 |      0 |    543 |    196 |   1 | 1012.0 |
               +--------+--------+--------+--------+--------+-----+--------+

Top non-repeatable levels by time:
     D:2: 1251 daAuts
     D:6: 1241 daAuts
  Bailey: 1012 daAuts
     D:4: 1002 daAuts
     D:1: 787 daAuts
     D:7: 737 daAuts
     D:5: 680 daAuts
     D:3: 565 daAuts
     D:8: 137 daAuts
